 Dungeon Crawl Stone Soup version 0.21-a0-351-g38363bb (webtiles) character file.

55 pkoi the Sneak (level 3, -2/18 HPs)
             Began as a Spriggan Assassin on Oct 9, 2017.
             Slain by a worm (12 damage)
             ... on level 1 of the Dungeon.
             The game lasted 00:03:07 (1187 turns).

pkoi the Sneak (Spriggan Assassin)                  Turns: 1187, Time: 00:03:07

Health: -2/18      AC:  3    Str:  7    XL:     3   Next: 67%
Magic:  4/4        EV: 17    Int: 13    God:
Gold:   12         SH:  0    Dex: 17    Spells: 2/2 levels left

rFire    . . .     SeeInvis +   a - +2 dagger
rCold    . . .     Gourm    .   (shield restricted)
rNeg     . . .     Faith    .   c - +0 robe
rPois    .         Spirit   .   (helmet restricted)
rElec    .         Reflect  .   d - +0 cloak
rCorr    .         Harm     .   (gloves unavailable)
MR       .....                  (boots unavailable)
Stlth    ++++......             (no amulet)
HPRegen  0.06/turn              (no ring)
MPRegen  0.09/turn              (no ring)

@: very quick
A: unfitting armour, see invisible, herbivore 3, speed 3, slow metabolism 2
a: no special abilities


You were on level 1 of the Dungeon.
You were not hungry.

You visited 1 branch of the dungeon, and saw 2 of its levels.

You collected 12 gold pieces.

Inventory:

Hand Weapons
 a - a +2 dagger (weapon)
 b - a +0 blowgun
Missiles
 e - 8 poisoned needles
 f - 2 curare-tipped needles
Armour
 c - a +0 robe (worn)
 d - a +0 cloak (worn)
Jewellery
 k - a cursed ring of loudness {unknown}
Scrolls
 i - a scroll of identify {unknown}
 l - 2 scrolls of immolation {unknown}
Potions
 h - 2 potions of heal wounds {unknown}
Comestibles
 g - 2 bread rations
 j - 6 fruits
 m - a royal jelly


   Skills:
 - Level 1.5 Fighting
 + Level 3.8 Short Blades
 - Level 2.0 Throwing
 - Level 1.5 Dodging
 + Level 6.8 Stealth


You had 2 spell levels left.
You didn't know any spells.

Dungeon Overview and Level Annotations

Branches:
Dungeon (2/15)

Altars:


Innate Abilities, Weirdness & Mutations

You are very small and have problems with some larger weapons.
You are too small for most types of armour.
You have supernaturally acute eyesight. (SInv)
You are a herbivore.
You cover ground extremely quickly.
You need consume almost no food.


Message History

You barely miss the worm.
The worm is lightly wounded.
The worm misses you.
You hit the worm.
The worm is lightly wounded.
You hit the worm.
The worm is moderately wounded.
The worm barely misses you.
You hit the worm.
The worm is moderately wounded.
You hit the worm.
The worm is heavily wounded.
The worm misses you.
You hit the worm.
The worm is heavily wounded.
You hit the worm.
The worm is severely wounded.
The worm bites you!
Ouch! That really hurt!
You die...

##...# #...## #.#
.....# #####.### #.#
.#..)# #.......# #.#
....)###.#####.# ##.#
'##......# #.### #..#
..###.^..# #...# #.##
....##...# #.#.# #.#
....##...#####.#.# #.#
#######........#@# #.#
....#K#......###w# #.#
.8..###..#.#####.###.#
.....≈#..#.# ##...##.#
.....≈#....# #.....#.#
....≈≈#....# #.....#.#
..≈≈≈≈#..### #..>..#.#
≈≈≈≈≈≈#..## ##...##.#
≈≈≈≈≈≈#...#######.##.#


You could see a worm.

Vanquished Creatures
  An adder (D:2)
  A dart slug (D:1)
  2 leopard geckos (D:1)
  A ball python (D:1)
  2 giant cockroaches (D:1)
  8 goblins (D:1)
  3 hobgoblins (D:1)
  3 jackals
  5 kobolds
  5 bats
  2 frilled lizards (D:1)
  4 rats (D:1)
37 creatures vanquished.

Notes
Turn   | Place    | Note
-------+----------+-------------------------------------------
     0 | D:1      | pkoi the Spriggan Assassin began the quest for the Orb.
     0 | D:1      | Reached XP level 1. HP: 10/10 MP: 2/2
   111 | D:1      | Reached XP level 2. HP: 10/14 MP: 3/3
   245 | D:1      | Reached skill level 6 in Stealth
   633 | D:1      | Reached XP level 3. HP: 18/18 MP: 4/4
  1178 | D:1      | Upgraded the game from 0.21-a0-349-g0c35859 to 0.21-a0-351-g38363bb
  1187 | D:1      | Slain by a worm

Vault maps used:
D:1:      lordsloth_arrival_two_stooges
D:2:      nicolae_overflow_hidden_temple, first_bread, minmay_misc_feat_chi,
          uniq_robin

Skill      XL: |  1  2 |
---------------+-------+-----
Short Blades   | 3 |  3.8
Stealth        | 6 |  6.8
Fighting       | |  1.5
Throwing       | |  2.0
Dodging        | |  1.5

Action                   || total
-------------------------++-------
Melee: Dagger            ||   114
 Stab: Sleeping          ||    17
Armor: Robe              ||    14
Dodge: Dodged            ||    76

Table legend:
 A = Spawn XP
 B = Non-spawn XP
 C = Spawn XP percentage of total XP
 D = Spawn monster count
 E = Non-spawn monster count
 F = Spawn count percentage of total count
 G = Total turns spent on level
                    A         B        C        D         E        F      G
               +---------+---------+-------+---------+---------+-------+---------
         Total |       0 |      79 |   0.0 |       0 |      37 |   0.0 |  1187
               +---------+---------+-------+---------+---------+-------+---------
           D:1 |       0 |      61 |   0.0 |       0 |      33 |   0.0 |  1129
           D:2 |       0 |      18 |   0.0 |       0 |       4 |   0.0 |    58
               +---------+---------+-------+---------+---------+-------+---------
